 Dungeon Crawl Stone Soup version 0.32-a0-818-gb728d0252e (webtiles) character file.

Game seed: 4440843700821961062

80 greenreed the Shooter (level 4, -2/34 HPs)
             Began as a Coglin Hunter on Mar 23, 2024.
             Killed from afar by an orc wizard (6 damage)
             ... with a magic dart
             ... on level 2 of the Dungeon.
             The game lasted 00:01:58 (1705 turns).

greenreed the Shooter (Coglin Hunter)               Turns: 1705, Time: 00:01:59

Health: -2/34      AC:  3    Str: 11    XL:     4   Next: 39%
Magic:  4/4        EV: 11    Int:  8    God:
Gold:   86         SH:  0    Dex: 20    Spells: 3/3 levels left

rFire   . . .        a - +2 sling {Carlos}
rCold   . . .        d - +0 sling {Rubén}
rNeg    . . .        c - +0 leather armour
rPois   .            (no helmet)
rElec   .            (no cloak)
rCorr   .            (no gloves)
SInv    .            (no boots)
Will    .....        (amulet unavailable)
Stlth   ++           (ring unavailable)
HPRegen 0.25/turn    (ring unavailable)
MPRegen 0.09/turn    (no gizmo)

%: no passive effects
@: lethally poisoned (-2 -> -4), revving
A: off-hand wielding, slow wielding, warmup strikes, no jewellery
a: Invent Gizmo


You were on level 2 of the Dungeon.
You visited 1 branch of the dungeon, and saw 3 of its levels.

You collected 86 gold pieces.

Inventory:

Hand Weapons
 a - a +2 sling (weapon) {Carlos}
 d - a +0 sling (offhand) {Rubén}
Armour
 c - a +0 leather armour (worn)
Scrolls
 b - a scroll of butterflies
 e - 2 scrolls of enchant armour {unknown}
 f - 3 scrolls of identify {unknown}
 h - a scroll of noise {unknown}
 i - 2 scrolls of fear {unknown}
 m - a scroll of teleportation {unknown}
Potions
 g - a potion of brilliance {unknown}
 j - a potion of resistance {unknown}
 k - a potion of curing {unknown}
 l - a potion of heal wounds {unknown}
 n - a potion of degeneration {unknown}


   Skills:
 + Level 2.7 Fighting
 * Level 4.5 Ranged Weapons
 + Level 2.5 Dodging
 - Level 0.7 Stealth


You had 3 spell levels left.
You didn't know any spells.
Your spell library was empty.

Dungeon Overview and Level Annotations

Branches:
Dungeon (3/15)

Altars:


Innate Abilities, Weirdness & Mutations

You can wield a second weapon in your off-hand.
It takes a long time for you to wield or remove held weapons.
Your first few attacks do less damage.
You cannot equip rings or amulets.


Message History

The orc priest looks braver for a moment.
You shoot a sling bullet.
The sling bullet barely misses the orc. x2
You shoot a sling bullet. The sling bullet hits the orc.
The orc is heavily wounded.
You shoot a sling bullet. The sling bullet hits the orc.
The orc is severely wounded.
You shoot a sling bullet.
The sling bullet closely misses the orc.
The sling bullet hits the orc.
You kill the orc!
The orc closely misses you. The orc hits you with a +0 war axe!
You shoot a sling bullet.
The sling bullet hits the orc but does no damage.
The orc is severely wounded.
You shoot a sling bullet. The sling bullet hits the orc.
You kill the orc!
The orc priest calls down the wrath of Beogh upon you.
Beogh smites you!
* * * LOW HITPOINT WARNING * * *
You hear some strange, mumbled words.
Something tries to affect you, but you resist.
The orc priest threatens, "Beogh's wrath is as vast as their mercy.
Make your choice!" (press Y on the ability menu to convert to Beogh)
Something hits you.
* * * LOW HITPOINT WARNING * * *
You are poisoned.
There is a stone staircase leading up here.
You feel sick. Something hits you.
* * * LOW HITPOINT WARNING * * *
You climb upwards.
Reactivating autopickup.
You feel sick.
There is a stone staircase leading down here.
Unknown command.
Unknown command.
You feel sick.
A magic dart appears from out of thin air!
Deactivating autopickup; reactivate with Ctrl-A.
The magic dart hits you.
You die...

.P......#P......######..........#
....⌠..P#.......................#
P....P.P#PP.....................#
....P.P~#...........##..........#
..#..#.#PP..........+....##+##'##
..#..#_#............####.##......
..######.P)......{.....#.#####.##
......#P........>......#.#.......
......#.........@........#.###.##
................##.........#...##
................##......#..#.#.##
....########....##.........#.##.#
....#...........##.#.......#....#
.#+##................#.....#.....
.#.##................#.#...#.##.#
.#.########..........+..........#
.#.#.................#.###.#....#


There were no monsters in sight!

Vanquished Creatures
  Jessica (D:2)
  An adder (D:2)
  A dart slug (D:1)
  2 ribbon worms (D:2)
  2 orcs (D:3)
  An endoplasm (D:2)
  4 hobgoblins
  6 jackals (D:1)
  A quokka (D:1)
  2 ball pythons
  3 bats
  2 frilled lizards
  5 kobolds
  6 rats
37 creatures vanquished.

Notes
Turn   | Place    | Note
-------+----------+-------------------------------------------
     0 | D:1      | greenreed the Coglin Hunter began the quest for the Orb.
     0 | D:1      | Reached XP level 1. HP: 16/16 MP: 1/1
   335 | D:1      | Reached XP level 2. HP: 22/22 MP: 2/2
   560 | D:1      | Reached skill level 4 in Ranged Weapons
   927 | D:2      | Found a faded altar of an unknown god.
   948 | D:2      | Reached XP level 3. HP: 28/28 MP: 3/3
  1101 | D:2      | Noticed Jessica
  1104 | D:2      | Killed Jessica
  1105 | D:2      | Reached XP level 4. HP: 34/34 MP: 4/4
  1705 | D:2      | Killed from afar by an orc wizard

Illustrated notes

Levels and vault maps discovered:
D:1:      dpeg_arrival_round_c, layout_loops_corners, serial_forest,
          infiniplex_forest_lined_1, infiniplex_forest_clump_tiny,
          infiniplex_forest_diagonal, infiniplex_forest_clump_C,
          infiniplex_forest_lined_4_way, infiniplex_forest_lined_4_way,
          infiniplex_forest_clump_small, minmay_misc_feat_more_columns
D:2:      layout_basic, shapermc_ecumenical_altar_mp_ritualfount, uniq_jessica
D:3:      layout_basic

Skill      XL: |  1  2 |
---------------+-------+-----
Dodging        | 2 |  2.5
Ranged Weapons | 4 |  4.5
Fighting       | |  2.7
Stealth        | |  0.7

Action                     |  1- 3 |  4- 6 || total
---------------------------+-------+-------++-------
   Fire: Sling             |   128 |    44 ||   172
 Armour: Leather armour    |     8 |    11 ||    19
  Dodge: Dodged            |    12 |     8 ||    20

Table legend: (Time is in decaauts)
 A = Elapsed time spent in this place.
 B = Non-inter-level travel time spent in this place.
 C = Inter-level travel time spent in this place.
 D = Time resting spent in this place.
 E = Time spent auto-exploring this place.
 F = Levels seen in this place.
 G = Mean time per level.
                   A        B        C        D        E       F      G
               +--------+--------+--------+--------+--------+-----+--------+
         Total |   1725 |   1647 |     78 |      0 |   1450 |   3 |  575.0 |
       Dungeon |   1725 |   1647 |     78 |      0 |   1450 |   3 |  575.0 |
               +--------+--------+--------+--------+--------+-----+--------+

Top non-repeatable levels by time:
     D:1: 896 daAuts
     D:2: 792 daAuts
     D:3: 36 daAuts
